AoeStats
← McVainas

Black Forest

510624005Analyzed
3v3 RM · 1d ago on Oct 1, 2026· 71m 19s· 6 players
Game mode
Random Map
Map size
Normal (6 player)
Population
200
Speed
Normal
Resources
Standard
Victory
Conquest
Starting age
Dark Age
Ending age
Imperial Age
RankedLock teamsTeams togetherTeam positionsShared explorationLock speedFull tech treeHidden civsTurbo modeCheats
Victory
Defeat
🇲🇽 Franks · Mexico
660
+12
🇪🇸 Mongols · Spain
523
+18
🇺🇸 Turks · United States
504
+18
🇦🇪 Persians · United Arab Emirates
593
-17
🇰🇼 Romans · Kuwait
563
-16
🇦🇪 Franks · United Arab Emirates
549
-15
AZ3AR_90
10:59 Feudal Age
11:26 Double-Bit Axe
21:46 Castle Age
21:07 Stone Mining
21:08 Gold Mining
24:16 Bow Saw
30:03 Pikeman
31:18 Scale Mail Armor
31:13 Fletching
31:35 Forging
32:43 Gold Shaft Mining
34:07 Chain Mail Armor
39:05 Imperial Age
37:21 Wheelbarrow
39:13 Cavalier
40:36 Iron Casting
40:08 Scale Barding Armor
39:30 Capped Ram
45:26 Blast Furnace
45:28 Plate Mail Armor
45:57 Husbandry
46:23 Chain Barding Armor
46:11 Paladin
47:18 Halberdier
48:34 Squires
48:21 Gambesons
48:42 Chivalry
52:43 Plate Barding Armor
52:05 Bodkin Arrow
60:03 Hand Cart
61:49 Chemistry
60:55 Siphons
60:33 Treadmill Crane
61:14 Ballistics
62:43 Hand Cart
62:38 Arson
Hassansallam1991
0:30 Loom
16:12 Feudal Age
22:35 Castle Age
21:12 Double-Bit Axe
22:02 Horse Collar
23:44 Gambesons
25:01 Squires
27:34 Town Watch
29:36 Town Patrol
30:12 Murder Holes
37:10 Scale Barding Armor
37:38 Forging
38:45 Chain Barding Armor
53:15 Wheelbarrow
53:33 Wheelbarrow
54:45 Hand Cart
54:51 Hand Cart
66:07 Iron Casting
Nightmare
5:40 Loom
10:53 Feudal Age
11:37 Double-Bit Axe
14:53 Horse Collar
22:02 Castle Age
20:23 Stone Mining
22:56 Heavy Plow
23:45 Bow Saw
25:21 Squires
24:44 Pikeman
25:35 Scale Mail Armor
32:15 Murder Holes
34:30 Gold Mining
34:48 Man-at-Arms
35:44 Forging
35:49 Chain Mail Armor
36:26 Ballistas
35:47 Long Swordsman
39:12 Imperial Age
38:49 Iron Casting
39:16 Capped Ram
39:48 Heavy Scorpion
40:54 Conscription
41:22 Crop Rotation
42:16 Comitatenses
41:42 Halberdier
43:07 Legionary
45:17 Siege Ram
62:46 Blast Furnace
txfight00
0:27 Loom
15:06 Feudal Age
25:36 Castle Age
25:50 Double-Bit Axe
25:52 Horse Collar
35:12 Imperial Age
34:42 Fortified Wall
34:56 Ballistics
36:32 Forging
36:14 Fletching
36:28 Padded Archer Armor
37:48 Wheelbarrow
37:30 Masonry
37:17 Murder Holes
37:17 Arrowslits
38:05 Husbandry
38:32 Bloodlines
40:29 Heavy Camel Rider
41:47 Parthian Tactics
43:02 Thumb Ring
43:09 Artillery
44:09 Bodkin Arrow
44:30 Leather Archer Armor
44:26 Forging
44:23 Scale Barding Armor
45:36 Hand Cart
49:20 Bracer
52:09 Elite Janissary
55:41 Ring Archer Armor
61:36 Iron Casting
61:21 Chain Barding Armor
66:12 Blast Furnace
McVainas
0:28 Loom
10:19 Feudal Age
18:15 Castle Age
20:28 Double-Bit Axe
21:53 Horse Collar
24:04 Heavy Plow
25:22 Stone Mining
25:44 Caravan
26:19 Bow Saw
26:47 Stone Shaft Mining
26:03 Gold Mining
26:59 Wheelbarrow
27:53 Gold Shaft Mining
32:08 Ballistics
31:44 Murder Holes
35:06 Imperial Age
33:53 Hand Cart
37:04 Conscription
37:41 Elite Mangudai
39:00 Hoardings
39:29 Drill
39:10 Nomads
39:25 Bloodlines
39:15 Husbandry
39:33 Town Watch
40:56 Chemistry
43:57 Forging
43:37 Fletching
43:48 Padded Archer Armor
44:02 Onager
45:31 Fortified Wall
45:27 Siege Engineers
45:32 Masonry
47:11 Iron Casting
46:31 Bodkin Arrow
46:52 Leather Archer Armor
49:13 Blast Furnace
49:14 Siege Onager
50:16 Atonement
50:27 Fervor
50:17 Devotion
50:37 Heresy
50:13 Herbal Medicine
61:31 Sappers
63:11 Bracer
63:17 Scale Barding Armor
63:13 Scale Mail Armor
63:05 Guard Tower
68:45 Faith
armvalcap
16:14 Feudal Age
17:32 Wheelbarrow
16:47 Double-Bit Axe
16:54 Gold Mining
16:57 Stone Mining
18:55 Forging
18:58 Man-at-Arms
19:47 Scale Mail Armor
22:59 Castle Age
22:12 Padded Archer Armor
22:54 Fletching
24:35 Hand Cart
25:10 Gold Shaft Mining
25:06 Bow Saw
26:18 Leather Archer Armor
28:47 Treadmill Crane
29:53 Ballistics
32:21 Bodkin Arrow
39:24 Imperial Age
37:58 Town Watch
38:55 Iron Casting
38:36 Chain Mail Armor
38:26 Scale Barding Armor
39:23 Murder Holes
41:20 Chemistry
42:59 Conscription
45:21 Chivalry
44:45 Cavalier
45:25 Husbandry
48:10 Town Patrol
48:20 Siege Engineers
48:25 Masonry
48:09 Paladin
50:25 Chain Barding Armor
50:36 Plate Mail Armor
51:06 Blast Furnace
51:09 Elite Throwing Axeman
55:12 Architecture
63:33 Hoardings
67:14 Plate Barding Armor
Connection lost

Rejoining the realm…

Still unreachable

The connection could not be restored.

Session expired

The server has moved on; the page needs a fresh start.